 Dungeon Crawl Stone Soup version 0.14-a0-102-g2341383 (webtiles) character file.

214 Malachi the Charlatan (level 4, 0/33 HPs)
             Began as a Demonspawn Artificer on Oct 2, 2013.
             Succumbed to a crimson imp's poison
             ... on Level 3 of the Dungeon.
             The game lasted 00:06:39 (2377 turns).

Malachi the Charlatan (Demonspawn Artificer)        Turns: 2377, Time: 00:06:39

HP   0/33        AC  7     Str 11      XL: 4   Next:  2%
MP   6/6         EV 11     Int 15      God:
Gold 145         SH  0     Dex 13      Spells:  1 memorised,  2 levels left

Res.Fire  : . . .   See Invis. : .   a - +0 short sword
Res.Cold  : . . .   Warding    : .   e - +0 leather armour
Life Prot.: . . .   Conserve   : .   (no shield)
Res.Poison: .       Res.Corr.  : .   A - +1 wizard hat
Res.Elec. : .       Clarity    : .   (no cloak)
Sust.Abil.: . .     Spirit.Shd : .   (no gloves)
Res.Mut.  : .       Stasis     : .   m - +2 pair of dwarf boots {run}
Res.Rott. : .       Flight     : .   (no amulet)
Saprovore : . . .                    (no ring)
                                     (no ring)

@: very poisoned, quick, slightly resistant to hostile enchantments, unstealthy
A: claws 1
a: no special abilities


You were on level 3 of the Dungeon.
You were near starving.

You visited 1 branch of the dungeon, and saw 3 of its levels.

You collected 125 gold pieces.

Inventory:

Hand weapons
 a - a +0,+0 short sword (weapon)
Armour
 e - a +0 leather armour (worn)
 m - a +2 pair of dwarven boots of running (worn)
 A - a +1 wizard hat (worn)
Magical devices
 b - a wand of flame (9)
 c - a wand of enslavement (11)
 d - a wand of random effects (15)
 y - a wand of digging (4) {unknown}
Comestibles
 f - a bread ration
 k - a meat ration
 s - a snozzcumber
 z - an apple
Scrolls
 g - a scroll of fear {unknown}
 i - a scroll of noise {unknown}
 n - a scroll of enchant weapon I {unknown}
 p - a scroll of remove curse {unknown}
 r - a scroll of recharging
 t - a scroll of identify {unknown}
 w - a scroll of curse armour {unknown}
Potions
 h - a potion of might {unknown}
 j - a potion of slowing {unknown}
 o - a potion of mutation {unknown}
 q - a potion of invisibility {unknown}
 u - a potion of heal wounds {unknown}
Books
 v - a book of Air

   Spells                             Type                      Level
   *Shock                             Conjuration/Air              1
   Swiftness                          Charms/Air                   2
   Repel Missiles                     Charms/Air                   2
   Flight                             Charms/Air                   3
   Static Discharge                   Conjuration/Air              3
   Lightning Bolt                     Conjuration/Air              5


   Skills:
 + Level 1.0 Fighting
 + Level 1.1 Short Blades
 + Level 1.2 Armour
 + Level 3.0 Dodging
 + Level 1.0 Stealth
 + Level 3.6 Evocations


You had 2 spell levels left.
You knew the following spells:

 Your Spells              Type           Power        Failure   Level  Hunger
a - Shock                 Conj/Air       #...         28%         1    ##.....


Dungeon Overview and Level Annotations

Branches:
Dungeon (3/27)

Altars:


Innate Abilities, Weirdness & Mutations

You have sharp fingernails.


Message History

You see here a poisoned needle.
* * * LOW HITPOINT WARNING * * *
You feel sick.
You are too injured to fight recklessly!
You are too injured to fight recklessly!
You are too injured to fight recklessly!
* * * LOW HITPOINT WARNING * * *
You feel very sick.
The crimson imp unwields an uncursed blowgun.
The crimson imp hits you.
* * * LOW HITPOINT WARNING * * *
* * * LOW HITPOINT WARNING * * *
You feel very sick.
The crimson imp shouts, "Fly, thou dankish full-gorged nert!"
The crimson imp misses you.
You hit the crimson imp but do no damage.
* * * LOW HITPOINT WARNING * * *
You feel sick. The crimson imp misses you.
You miss the crimson imp.
You die...

####. ..... #.#.# #.#.# #
#####.#.######
#.##............#
#.....((...# #.#
####.###.@.# #.# #
###.###.5.####.###h
#....%.((...>.....
####.>.............# ..
..........(.#.####.###..#
####....((..#..[.......#
###...(...#.####%###.##
#......$...(#<####.#
.###.......(......#


You could see a crimson imp.

Vanquished Creatures
  An adder (D:2)
  A worm (D:2)
  2 giant geckos (D:2)
  6 bats
  A giant cockroach (D:3)
  6 goblins
  5 hobgoblins
  11 jackals
  4 giant newts
  6 kobolds
  7 rats
50 creatures vanquished.

Notes
Turn   | Place    | Note
--------------------------------------------------------------
     0 | D:1      | Malachi, the Demonspawn Artificer, began the quest for the Orb.
     0 | D:1      | Reached XP level 1. HP: 16/16 MP: 1/1
   564 | D:1      | Gained mutation: You have sharp fingernails. [demonic ancestry]
   564 | D:1      | Reached XP level 2. HP: 22/22 MP: 3/3
   574 | D:1      | Reached skill level 1 in Short Blades
   618 | D:1      | Identified a +2 pair of dwarven boots of running (You found it on level 1 of the Dungeon)
  1317 | D:2      | Reached XP level 3. HP: 23/27 MP: 4/4
  1520 | D:2      | Reached skill level 1 in Armour
  1569 | D:2      | Reached skill level 1 in Stealth
  1692 | D:2      | Learned a level 1 spell: Shock
  2290 | D:3      | Reached XP level 4. HP: 20/33 MP: 3/6
  2376 | D:3      | HP: 1/33 [poisoned by a crimson imp]
  2377 | D:3      | Succumbed to a crimson imp's poison

Action                   |  1- 3 |  4- 6 || total
-------------------------+-------+-------++-------
Melee: Short sword       |   210 |    35 ||   245
 Cast: Shock             |    12 |     3 ||    15
Evoke: Wand              |    10 |       ||    10
  Use: Potion            |       |     2 ||     2
